 Dungeon Crawl Stone Soup version 0.25-a0-589-g1e14c549ee (webtiles) character file.

Game seed: 1990681645005116990, levelgen mode: deterministic

186 Aggronaut the Chopper (level 5, -1/41 HPs)
             Began as a Demonspawn Fighter on Mar 12, 2020.
             Slain by a gnoll
             ... wielding a +0 halberd
              (5 damage)
             ... on level 4 of the Dungeon.
             The game lasted 00:06:04 (2577 turns).

Aggronaut the Chopper (Demonspawn Fighter)          Turns: 2577, Time: 00:06:05

Health: -1/41      AC:  8    Str: 17    XL:     5   Next: 38%
Magic:  5/5        EV:  7    Int: 10    God:
Gold:   150        SH:  9    Dex: 12    Spells: 4/4 levels left

rFire    . . .     SeeInvis .   a - +1 war axe
rCold    . . .     Gourm    .   c - +0 kite shield
rNeg     . . .     Faith    .   b - +0 scale mail
rPois    .         Spirit   .   (helmet restricted)
rElec    .         Reflect  .   p - +0 cloak
rCorr    .         Harm     .   (no gloves)
MR       .....     Rnd*Tele +   j - +0 pair of boots (curse)
Stlth    ..........             (no amulet)
HPRegen  0.13/turn              l - ring of teleportation (curse)
MPRegen  0.09/turn              (no ring)

@: no status effects
A: horns 1
a: no special abilities


You were on level 4 of the Dungeon.
You were hungry.

You visited 1 branch of the dungeon, and saw 4 of its levels.

You collected 150 gold pieces.

Inventory:

Hand Weapons
 a - a +1 war axe (weapon)
Missiles
 i - 2 poisoned darts
 m - a throwing net (quivered)
Armour
 b - a +0 scale mail (worn)
 c - a +0 kite shield (worn)
 j - a cursed +0 pair of boots (worn)
 p - a +0 cloak (worn)
Jewellery
 l - a cursed ring of teleportation (left hand)
Wands
 g - a wand of disintegration (12)
Scrolls
 h - a scroll of magic mapping
Potions
 d - a potion of might
 e - a potion of flight
 n - a potion of magic {unknown}
 o - a potion of lignification {unknown}
Comestibles
 f - 10 rations


   Skills:
 - Level 3.0 Fighting
 * Level 4.3 Axes
 - Level 2.6 Armour
 + Level 3.9 Shields


You had 4 spell levels left.
You didn't know any spells.
Your spell library was empty.

Dungeon Overview and Level Annotations

Branches:
Dungeon (4/15)
 Temple: D:4-7

Altars:
Ashenzari
Elyvilon
Kikubaaqudgha


Innate Abilities, Weirdness & Mutations

You have a pair of small horns on your head.


Message History

The gnoll barely misses you.
A worker ant comes into view.
The gnoll hits you from afar with a +0 halberd!
You block the gnoll's attack.
Press: ? - help, v - describe, . - travel The floor.
You hit the hound.
The hound is moderately wounded.
The hound bites you. x2
* * * LOW HITPOINT WARNING * * *
You closely miss the hound. You headbutt the hound.
The hound is heavily wounded.
The hound barely misses you. You block the hound's attack.
The gnoll hits you from afar with a +0 halberd.
* * * LOW HITPOINT WARNING * * *
You hit the hound. Your headbutt misses the hound.
The hound is heavily wounded.
The hound barely misses you. The hound closely misses you.
The gnoll hits you from afar with a +0 halberd.
You die...

##########
#.......<#
#........#
#........#
#........#
#########o.......#
.......@hgg......#
#########ga......#
#....>...#
######.### #...
..... .....
....... #.......


You could see a hound, a worker ant, 3 gnolls and an orc.

Vanquished Creatures
  Crazy Yiuf (D:3)
  Terence (D:3)
  Ijyb (D:3)
  A gnoll (D:1)
  2 adders
  An ooze (D:1)
  A worm (D:2)
  2 dart slugs
  A leopard gecko (D:3)
  8 orcs (D:3)
  4 bats
  6 goblins
  11 hobgoblins
  3 jackals (D:3)
  A quokka (D:2)
  2 frilled lizards
  7 kobolds
  5 rats
58 creatures vanquished.

Notes
Turn   | Place    | Note
-------+----------+-------------------------------------------
     0 | D:1      | Aggronaut the Demonspawn Fighter began the quest for the
                  | Orb.
     0 | D:1      | Reached XP level 1. HP: 18/18 MP: 1/1
    46 | D:1      | Reached skill level 2 in Axes
   166 | D:1      | Gained mutation: You have a pair of small horns on your
                  | head. [demonic ancestry]
   166 | D:1      | Reached XP level 2. HP: 22/24 MP: 2/2
   498 | D:1      | Reached XP level 3. HP: 27/29 MP: 3/3
   713 | D:2      | Reached skill level 3 in Axes
   915 | D:2      | Found a white marble altar of Elyvilon.
  1082 | D:2      | Found an ancient bone altar of Kikubaaqudgha.
  1412 | D:3      | Reached XP level 4. HP: 33/35 MP: 4/4
  1450 | D:3      | Noticed Ijyb
  1454 | D:3      | Killed Ijyb
  1876 | D:3      | Noticed Terence
  1885 | D:3      | Killed Terence
  1885 | D:3      | Reached skill level 4 in Axes
  1885 | D:3      | Reached XP level 5. HP: 41/41 MP: 5/5
  2024 | D:3      | Found a shattered altar of Ashenzari.
  2181 | D:3      | Found a runed translucent door.
  2182 | D:3      | Noticed Crazy Yiuf
  2190 | D:3      | Killed Crazy Yiuf
  2577 | D:4      | Slain by a gnoll

Levels and vault maps discovered:
D:1:      minmay_arrival_plants_in_alcoves, layout_basic
D:2:      layout_loops_ring, elyvilon_altar_3, old_standard_altar
D:3:      layout_basic, nicolae_ashenzari_panopticon, first_ration, uniq_ijyb,
          uniq_crazy_yiuf_cottage, uniq_terence
D:4:      layout_rooms

Skill      XL: |  1  2  3  4 |
---------------+-------------+-----
Axes           | 2 3 4 |  4.3
Shields        | 3 |  3.9
Fighting       | |  3.0
Armour         | |  2.6

Action                   |  1- 3 |  4- 6 || total
-------------------------+-------+-------++-------
Melee: War axe           |   126 |    62 ||   188
       Headbutt          |    14 |     8 ||    22
  Use: Scroll            |     6 |     1 ||     7
  Eat: Chunk             |     1 |     4 ||     5
Armor: Scale mail        |    49 |    15 ||    64
Dodge: Dodged            |    45 |    16 ||    61
Block: Kite shield       |    62 |    30 ||    92

Table legend:
 A = Non-vault XP
 B = Vault XP
 C = Vault XP percentage of total XP
 D = Non-vault monster count
 E = Vault monster count
 F = Vault count percentage of total count
                 A         B        C        D         E       F
            +---------+---------+-------+---------+---------+-------
      Total |     153 |     113 |  42.5 |      55 |       3 |   5.2
            +---------+---------+-------+---------+---------+-------
        D:1 |      46 |       0 |   0.0 |      17 |       0 |   0.0
        D:2 |      48 |       0 |   0.0 |      18 |       0 |   0.0
        D:3 |      59 |     113 |  65.7 |      20 |       3 |  13.0
            +---------+---------+-------+---------+---------+-------
